 Dungeon Crawl Stone Soup version 0.22-a0-305-gd21a89c (webtiles) character file.

100 xccam the Cudgeler (level 5, -4/41 HPs)
             Began as a Formicid Fighter on Mar 29, 2018.
             Killed from afar by a wretched star (15 damage)
             ... with an orb of energy
             ... on level 2 of the Abyss.
             The game lasted 00:03:03 (1683 turns).

xccam the Cudgeler (Formicid Fighter)               Turns: 1683, Time: 00:03:04

Health: -4/41      AC:  6    Str: 26    XL:     5   Next: 3%
Magic:  5/5        EV:  8    Int:  8    God:
Gold:   45         SH:  9    Dex:  6    Spells: 4/4 levels left

rFire    . . .     SeeInvis +   o - +2 mace (crush)
rCold    . . .     Gourm    .   c - +0 shield
rNeg     . . .     Faith    .   b - +0 scale mail
rPois    .         Spirit   .   (helmet unavailable)
rElec    .         Reflect  .   (no cloak)
rCorr    .         Harm     .   (no gloves)
MR       .....                  (no boots)
Stlth    ..........             (no amulet)
HPRegen  0.13/turn              (no ring)
MPRegen  0.09/turn              (no ring)

@: mighty
A: permanent stasis, dig shafts and tunnels, four strong arms, antennae 3,
[clumsy 2]
a: Dig, Shaft Self


You were on level 2 of the Abyss.
You were hungry.

You visited 1 branch of the dungeon, and saw 2 of its levels.
You visited the Abyss 1 time.

You collected 45 gold pieces.

Inventory:

Hand Weapons
 a - a +0 flail
 o - a +2 mace of crushing (weapon)
Armour
 b - a +0 scale mail (worn)
 c - a +0 shield (worn)
Scrolls
 e - a scroll of fear {unknown}
 g - a scroll of enchant weapon {unknown}
 i - 4 scrolls of identify {unknown}
 j - a scroll of noise {unknown}
 p - a scroll of magic mapping {unknown}
 q - a scroll of remove curse {unknown}
Potions
 d - a potion of might
 h - a potion of lignification {unknown}
 k - a potion of mutation {unknown}
 l - 2 potions of curing {unknown}
 m - 2 potions of flight {unknown}
 n - a potion of agility {unknown}
Comestibles
 f - 4 rations


   Skills:
 - Level 3.2 Fighting
 * Level 4.5 Maces & Flails
 - Level 3.2 Armour
 + Level 4.0 Shields


You had 4 spell levels left.
You didn't know any spells.

Dungeon Overview and Level Annotations

Branches:
Dungeon (2/15)

Altars:

Annotations:
D:2 Sigmund


Innate Abilities, Weirdness & Mutations

You cannot be hasted, slowed, berserked, paralysed or teleported.
You can dig through walls and to a lower floor.
Your four strong arms can wield two-handed weapons with a shield.
You have a pair of large antennae on your head. (SInv)
[You are very clumsy. (Dex -4)]


Message History

A large abomination comes into view.
Found a cloak.
Unknown command.
The wretched star glows turbulently.
The orb of energy hits you!
Ouch! That really hurt!
Tentacles burst from the starspawn's body! 2 starspawn tentacles come into view.
The starspawn tentacle grabs you. The starspawn tentacle constricts you.
The starspawn tentacle's grasp on you weakens, but your attempt to escape fails.
The starspawn tentacle loses its grip on you.
The tentacle pulls you backwards! The starspawn tentacle grabs you.
* * * LOW HITPOINT WARNING * * *
The starspawn tentacle constricts you.
You escape the starspawn tentacle's grasp.
The wretched star pulses with an eldritch light!
You feel clumsy. x2
The wretched star glows turbulently.
The orb of energy hits you!
You die...

## # .###.# #
##....# #. ##.@##
#.#....# #..#...#
.. #.....## ##.
#..##*## .### ..
#.#...X## .#.#.
#...\#....##.....
..#....w#{..# ..
#..[...#──..## #.


You could see a wretched star, a large abomination and a starspawn tentacle.

Vanquished Creatures
  Natasha (twice) (D:2)
  4 oozes (D:1)
  An orc (D:2)
  6 bats
  4 goblins
  7 hobgoblins
  3 kobolds (D:1)
  2 frilled lizards
  3 rats (D:1)
32 creatures vanquished.

Vanquished Creatures (others)
  A starspawn tentacle (Abyss:2)
1 creature vanquished.

Grand Total: 33 creatures vanquished

Notes
Turn   | Place    | Note
-------+----------+-------------------------------------------
     0 | D:1      | xccam the Formicid Fighter began the quest for the Orb.
     0 | D:1      | Reached XP level 1. HP: 18/18 MP: 1/1
    23 | D:1      | Reached XP level 2. HP: 24/24 MP: 2/2
   376 | D:1      | Reached XP level 3. HP: 28/29 MP: 3/3
  1362 | D:2      | Reached XP level 4. HP: 35/35 MP: 4/4
  1390 | D:2      | Noticed Natasha
  1396 | D:2      | Killed Natasha
  1403 | D:2      | Noticed Natasha
  1404 | D:2      | Killed Natasha
  1404 | D:2      | Reached XP level 5. HP: 19/41 MP: 5/5
  1613 | D:2      | Noticed Sigmund
  1620 | D:2      | Cast into level 2 of the Abyss (Sigmund)
  1624 | Abyss:2  | Found a bloodstained altar of Trog.
  1668 | Abyss:2  | Noticed a large abomination
  1676 | Abyss:2  | Noticed a wretched star
  1676 | Abyss:2  | Noticed a tentacled starspawn
  1683 | Abyss:2  | Killed from afar by a wretched star

Vault maps used:
D:1:      minmay_arrival_up_and_down, kennysheep_nondescript
D:2:      first_ration, serial_glass, glass_columns_a, glass_columns_b,
          mrwooster_statue_mirror, uniq_sigmund, uniq_natasha

Skill      XL: |  1  2  3  4 |
---------------+-------------+-----
Maces & Flails | 3 4 |  4.5
Shields        | 4 |  4.0
Fighting       | |  3.2
Armour         | |  3.2

Action                   |  1- 3 |  4- 6 || total
-------------------------+-------+-------++-------
Melee: Flail             |    89 |       ||    89
       Mace              |    11 |    12 ||    23
  Use: Potion            |       |     1 ||     1
  Eat: Chunk             |     2 |       ||     2
Armor: Scale mail        |    41 |     7 ||    48
Dodge: Dodged            |    28 |     3 ||    31
Block: Shield            |    45 |     4 ||    49

Table legend:
 A = Spawn XP
 B = Non-spawn XP
 C = Spawn XP percentage of total XP
 D = Spawn monster count
 E = Non-spawn monster count
 F = Spawn count percentage of total count
 G = Total turns spent on level
                    A         B        C        D         E        F      G
               +---------+---------+-------+---------+---------+-------+---------
         Total |       0 |     143 |   0.0 |       0 |      32 |   0.0 |  1683
               +---------+---------+-------+---------+---------+-------+---------
           D:1 |       0 |      49 |   0.0 |       0 |      18 |   0.0 |  1090
           D:2 |       0 |      94 |   0.0 |       0 |      14 |   0.0 |   530
               +---------+---------+-------+---------+---------+-------+---------
